 Dungeon Crawl Stone Soup version 0.31-a0-1547-g618ab1f346 (webtiles) character file.

Game seed: 14451568737136081512

5583 Flugslaktarn the Thaumaturge (level 10, -2/74 HPs)
             Began as an Octopode Alchemist on Jan 3, 2024.
             Was an Elder of Sif Muna.
             Slain by an orc warrior
             ... wielding a +0 mace
             ... led by an orc warlord
              (11 damage)
             ... on level 1 of the Orcish Mines.
             The game lasted 00:10:13 (4417 turns).

Flugslaktarn the Thaumaturge (Octopode Alchemist)   Turns: 4417, Time: 00:10:14

Health: -2/74      AC:  1    Str: 12    XL:     10   Next: 72%
Magic:  5/24       EV: 13    Int: 20    God:    Sif Muna [****..]
Gold:   287        SH:  0    Dex: 12    Spells: 20/30 levels left

rFire   . . .        r - staff of alchemy
rCold   + . .        (no shield)
rNeg    . . .        (helmet restricted)
rPois   +            d - amulet of faith
rElec   .            c - ring of protection from cold
rCorr   .            (no ring)
SInv    .            (no ring)
Will    .....        (no ring)
Stlth   +++          (no ring)
HPRegen 0.32/turn    (no ring)
MPRegen 0.19/turn    (no ring)
                     (no ring)

%: faith
@: radiating poison
A: almost no armour, amphibious, 8 rings, camouflage 1, gelatinous body 1,
(nimble swimmer 1), tentacles, sense surroundings 1, robust 1, strong 1
a: Renounce Religion, Channel Magic, Forget Spell, Divine Exegesis


You were on level 1 of the Orcish Mines.
You worshipped Sif Muna.
Sif Muna was greatly pleased with you.
You visited 2 branches of the dungeon, and saw 10 of its levels.
You also visited: Sewer.

You collected 287 gold pieces.

Inventory:

Hand Weapons
 j - a +1 dagger of pain
   (You took it off a kobold on level 5 of the Dungeon)
 s - a +1 short sword of venom
   (You found it on level 6 of the Dungeon)
 y - a +2 dagger of freezing
   (You took it off an orc on level 6 of the Dungeon)
 B - a +1 vampiric trident
   (You took it off a gnoll sergeant on level 8 of the Dungeon)
 E - a +2 hand axe of distortion
   (You took it off an orc priest on level 9 of the Dungeon)
Missiles
 i - a curare-tipped dart (quivered)
Magical Staves
 e - a staff of air
   (You found it on level 6 of the Dungeon)
 r - a staff of alchemy (weapon)
   (You found it on level 8 of the Dungeon)
Jewellery
 c - a ring of protection from cold (left tentacle)
   (You found it on level 5 of the Dungeon)
 d - an amulet of faith (around mantle)
   (You found it on level 1 of the Dungeon)
Wands
 n - a wand of paralysis (3)
   (You found it on level 4 of the Dungeon)
 C - a wand of roots (3)
   (You found it on level 9 of the Dungeon)
Scrolls
 f - a scroll of revelation
 l - a scroll of enchant armour
 p - a scroll of enchant weapon {unknown}
 t - 4 scrolls of teleportation
 v - a scroll of vulnerability {unknown}
 z - a scroll of blinking {unknown}
 A - a scroll of fog {unknown}
 D - a scroll of noise
Potions
 a - a potion of magic
 b - 5 potions of brilliance
 g - 5 potions of mutation
 h - a potion of lignification {unknown}
 k - a potion of degeneration {unknown}
 o - a potion of might {unknown}
 q - 2 potions of curing
 u - 2 potions of haste {unknown}
 w - 3 potions of heal wounds
 x - a potion of experience {unknown}


   Skills:
 + Level 5.7 Fighting
 - Level 2.0 Dodging
 - Level 4.0 Stealth
 + Level 10.9 Spellcasting
 - Level 1.0 Conjurations
 - Level 4.0 Fire Magic
 - Level 8.0 Alchemy
 - Level 3.0 Invocations


You had 20 spell levels left.
You knew the following spells:

 Your Spells              Type           Power      Damage    Failure   Level
a - Sting                 Conj/Alch      100%       1d9       1%          1
b - Olgreb's Toxic Radia  Alch           59%        N/A       2%          4
c - Sticky Flame          Fire/Alch      51%        2d9       5%          4
q - Apportation           Tloc           20%        N/A       6%          1

Your spell library contained the following spells:

 Spells                   Type           Power      Damage    Failure   Level
 Mercury Vapours          Alch/Air       80%        N/A       1%          2
 Mephitic Cloud           Conj/Alch/Air  34%        N/A       5%          3
 Vhi's Electric Charge    Tloc/Air       20%        N/A       54%         4
 Arcjolt                  Conj/Air       6%         1d16      80%         5
 Plasma Beam              Fire/Air       9%         2x1d19    99%         6


Dungeon Overview and Level Annotations

Branches:
Dungeon (9/15)                Orc (1/2) D:9           Sewer (visited)
 Temple: D:4-7         Lair: D:8-11

Altars:
Hepliaklqana
Kikubaaqudgha
Sif Muna
Vehumet

Shops:
D:4 ![((

Annotations:
D:3 Sigmund
D:4 3 runed translucent doors, qsserrt's ghost, novice DjHW
D:6 1 runed translucent door, Crazy Yiuf
D:7 exclusion: steam dragon
D:8 exclusions: acid dragon and 3 skeletal warriors
D:9 1 exclusion


Innate Abilities, Weirdness & Mutations

You cannot wear most types of armour.
You are amphibious.
You can wear up to eight rings at the same time.
Your skin changes colour to match your surroundings (Stealth+).
Your rubbery body absorbs attacks. (AC +1, EV +1)
((You are camouflaged when in or above water. (Stealth+)))
You have tentacles for arms and can constrict up to eight enemies at once.
You passively map a small area around you.
You are robust. (+10% HP)
Your muscles are strong. (Str +4, Int/Dex -1)


Message History

The orc warrior hits you with a +0 morningstar!
The orc wizard casts a spell.
The orc wizard flickers and vanishes!
Deactivating autopickup; reactivate with Ctrl-A.
You hit the orc warrior but do no damage.
The orc warrior is almost dead.
You constrict the orc warrior.
You kill the orc warrior!
Sif Muna accepts your kill.
The orc warlord roars a battlecry!
Something barely misses you.
You hit something. Your squeeze misses something. Something hits you.
You hit something. Your squeeze misses something.
An orc warrior comes into view. It is wielding a +0 mace.
Something hits you.
An orc wizard comes into view. It is wielding a +0 dagger.
Casting: Olgreb's Toxic Radiance (dangerous; 2% risk of failure)
Confirm with . or Enter, or press ? or * to list all spells.
You feel a surge of power!
You begin to radiate toxic energy.
The orc wizard is poisoned.
The orc warrior is poisoned.
Sif Muna accepts your kill.
Reactivating autopickup.
You feel a bit more experienced.
The orc warlord looks as sick as possible!
The orc wizard looks even sicker.
The orc warrior no longer looks unusually strong.
The orc warlord roars a battlecry!
The orc warrior goes into a battle-frenzy!
The orc shouts!
The orc warlord looks as sick as possible!
Your toxic aura wanes.
You hear a shout! x2
Things that are here:
a +0 dagger; a +0 robe; an orc corpse You see here 25 gold pieces.
The orc no longer looks unusually strong.
The orc warlord roars a battlecry!
The orc goes into a battle-frenzy!
Aiming: Fastroot
Press: ? - help, Shift-Dir - straight line, f - orc warlord
Aim: an orc warlord, wielding a +0 long sword and wearing a +0 plate armour (severely wounded, extremely poisoned)
The roots erupt in riotous growth!
Roots grab the orc warlord.
The grasping roots constrict the orc warlord.
You hear a shout! x2; You hear a howl!
You hear a shout! x3
The orc warlord struggles to escape constriction.
Okay, then.
Throw: 2 darts (curare)
Press: ? - help, Q - select action, (/) - cycle Shift-Dir - straight line, f/p - orc warlord
Aim: an orc warlord, wielding a +0 long sword and wearing a +0 plate armour (severely wounded, extremely poisoned, constricted by roots, 93% to hit)
You throw a curare-tipped dart.
The curare-tipped dart hits the orc warlord.
The orc warlord looks as sick as possible!
The orc warlord struggles to breathe.
The orc warlord seems to slow down.
The orc warlord is almost dead.
The grasping roots constrict the orc warlord, but do no damage.
The roots release their grip on the orc warlord.
A warg comes into view.
Found 24 gold pieces.
An orc wizard comes into view. It is wielding a +0 dagger.
Sif Muna accepts your kill.
You feel a bit more experienced.
You kill the orc wizard!
Sif Muna accepts your kill. The orc barely misses you.
Your Fighting skill increases to level 5!
Casting: Olgreb's Toxic Radiance (dangerous; 2% risk of failure)
Confirm with . or Enter, or press ? or * to list all spells.
You feel a surge of power!
You begin to radiate toxic energy.
The orc wizard is poisoned.
The orc is poisoned.
The orc warrior is poisoned.
The warg howls!
The orc wizard looks even sicker.
You hear a shout! x2
A warg comes into view.
An orc warrior comes into view.
It is wielding a +0 long sword of holy wrath.
The orc barely misses you.
Okay, then.
Casting: Olgreb's Toxic Radiance (dangerous; 2% risk of failure)
Confirm with . or Enter, or press ? or * to list all spells.
You feel a surge of power!
Your toxic radiance grows in intensity.
The orc warrior is poisoned.
The orc wizard looks even sicker.
You kill the orc!
Sif Muna accepts your kill.
The orc wizard looks as sick as possible!
The orc warrior hits you with a +0 mace!
The warg bites you!!
* * * LOW HITPOINT WARNING * * *
As you read the scroll of fear, it crumbles to dust.
You assume a fearsome visage.
The orc warrior looks frightened!
The orc wizard looks frightened!
The warg looks frightened!
The orc warrior looks frightened!
Your attack snaps the orc warrior out of its fear.
The orc warrior looks even sicker.
You kill the orc wizard!
Sif Muna accepts your kill.
Your attack snaps the orc warrior out of its fear.
The orc warrior no longer looks unusually strong.
The orc warrior hits you with a +0 mace!
You die...

##..#...<)....#,
#.....)).).......*
,
##...).#...#.....
,
##.##...).o.#....
#.).#........$...
,
##)#(#......>....
#.......)........,
,
#...$...)....h.$.
, ##...#o#o@.h#..
##.#...##.#.....
####.##*##, .$.
### , . * , * , ,
* * * , ,


You could see 2 wargs and 2 orc warriors.

Vanquished Creatures
  An orc warlord (Orc:1)
  An orc sorcerer (Orc:1)
  An ugly thing (D:8)
  A gargoyle (D:9)
  Prince Ribbit (D:6)
  A wyvern (D:7)
  5 yaks (D:5)
  A black bear (D:4)
  6 orc warriors (Orc:1)
  2 ogres (Orc:1)
  3 centaurs
  6 kobold brigands
  A bullfrog (D:6)
  2 scorpions
  A gnoll sergeant (D:8)
  3 howler monkeys (D:9)
  A bombardier beetle (D:5)
  6 orc priests
  3 hounds
  A jelly (D:8)
  An iguana (D:5)
  11 orc wizards
  16 gnolls
  5 adders
  A dart slug (D:1)
  30 orcs
  3 bats (Sewer)
  3 endoplasms
  8 giant cockroaches
  3 goblins
  5 hobgoblins
  4 jackals
  21 kobolds
  5 quokkas
  6 ball pythons
  4 frilled lizards
  5 rats
178 creatures vanquished.

Vanquished Creatures (others)
  An orc (Orc:1)
1 creature vanquished.

Grand Total: 179 creatures vanquished

Notes
Turn   | Place    | Note
-------+----------+-------------------------------------------
     0 | D:1      | Flugslaktarn the Octopode Alchemist began the quest for the
                  | Orb.
     0 | D:1      | Reached XP level 1. HP: 11/11 MP: 3/3
   175 | D:1      | Reached XP level 2. HP: 17/17 MP: 1/5
   306 | D:2      | Reached XP level 3. HP: 14/21 MP: 1/6
   397 | D:2      | Found a hazy altar of Hepliaklqana.
   802 | D:3      | Found a faded altar of an unknown god.
   802 | D:3      | Noticed Sigmund
   813 | D:3      | HP: 1/21 [something/puff of flame (6)]
   820 | D:3      | Gained mutation: You are robust. (+10% HP) [potion of
                  | mutation]
   820 | D:3      | Gained mutation: You passively map a small area around you.
                  | [potion of mutation]
   820 | D:3      | Gained mutation: Your muscles are strong. (Str +4, Int/Dex
                  | -1) [potion of mutation]
   912 | D:4      | Reached XP level 4. HP: 28/29 MP: 4/8
   967 | D:4      | Found a radiant altar of Vehumet.
   970 | D:4      | Found an ancient bone altar of Kikubaaqudgha.
   970 | D:4      | Noticed a scorpion
   971 | D:4      | Found a shimmering blue altar of Sif Muna.
   975 | D:4      | Killed a scorpion
   976 | D:4      | Reached skill level 3 in Spellcasting
   976 | D:4      | Reached skill level 5 in Alchemy
   976 | D:4      | Reached XP level 5. HP: 34/34 MP: 3/9
   981 | D:4      | Got Sif Muna's Precepts of Space
   983 | D:4      | Became a worshipper of Sif Muna the Loreminder
  1029 | D:4      | Identified the +5 helmet "Guadach" {rN+ Dex+2 SInv Stlth-}
  1151 | D:4      | Learned a level 4 spell: Olgreb's Toxic Radiance
  1337 | D:5      | Entered Level 5 of the Dungeon
  1442 | D:4      | Found a runed translucent gate.
  1443 | D:4      | Found a runed translucent gate.
  1443 | D:4      | Found a runed translucent gate.
  1443 | D:4      | Noticed qsserrt's ghost (novice DjHW)
  1459 | D:4      | Found Lijin's Distillery.
  1462 | D:4      | Found Icvypn's Antique Weapon Boutique.
  1464 | D:4      | Found Yboqisucu's Weapon Boutique.
  1465 | D:4      | Found Jamenoon's Armour Boutique.
  1474 | D:4      | Reached XP level 6. HP: 28/39 MP: 6/11
  1508 | D:4      | Reached * piety under Sif Muna
  1609 | D:4      | Noticed a black bear
  1617 | D:4      | Killed a black bear
  1618 | D:4      | Reached skill level 4 in Spellcasting
  1826 | D:5      | Noticed a yak
  1826 | D:5      | Noticed a yak
  1826 | D:5      | Noticed a yak
  1826 | D:5      | Noticed a yak
  1827 | D:5      | Noticed a yak
  1913 | D:5      | Reached XP level 7. HP: 40/45 MP: 6/13
  1943 | D:5      | Learned a level 4 spell: Sticky Flame
  2075 | D:5      | Killed a yak
  2076 | D:5      | Reached skill level 1 in Fighting
  2076 | D:5      | Reached skill level 1 in Fire Magic
  2121 | D:5      | Killed a yak
  2122 | D:5      | Reached XP level 8. HP: 18/52 MP: 9/15
  2136 | D:5      | Killed a yak
  2136 | D:5      | Killed a yak
  2137 | D:5      | Reached skill level 5 in Spellcasting
  2138 | D:5      | Killed a yak
  2259 | D:5      | Reached skill level 6 in Spellcasting
  2300 | D:5      | Learned a level 1 spell: Apportation
  2337 | D:6      | Reached skill level 1 in Invocations
  2514 | D:6      | Found a runed translucent door.
  2515 | D:6      | Noticed Crazy Yiuf
  2590 | D:6      | Noticed Prince Ribbit
  2605 | D:6      | Killed Prince Ribbit
  2606 | D:6      | Reached XP level 9. HP: 61/61 MP: 5/18
  2610 | D:6      | Reached ** piety under Sif Muna
  2687 | D:6      | Found a glowing drain.
  2706 | Sewer    | Entered a sewer
  2845 | Sewer    | Reached *** piety under Sif Muna
  2918 | Sewer    | Reached skill level 7 in Spellcasting
  3336 | D:7      | Reached skill level 8 in Spellcasting
  3520 | D:8      | Noticed a white ugly thing
  3530 | D:8      | Killed a white ugly thing
  3729 | D:8      | Reached skill level 9 in Spellcasting
  3946 | D:8      | Noticed a skeletal warrior
  3946 | D:8      | Noticed a skeletal warrior
  4040 | D:8      | Noticed a skeletal warrior
  4176 | D:9      | Noticed a gargoyle
  4179 | D:9      | Killed a gargoyle
  4180 | D:9      | Reached XP level 10. HP: 39/69 MP: 14/23
  4299 | D:9      | Found a staircase to the Orcish Mines.
  4305 | D:9      | Reached skill level 10 in Spellcasting
  4313 | D:9      | Reached **** piety under Sif Muna
  4385 | Orc:1    | Entered Level 1 of the Orcish Mines
  4385 | Orc:1    | Noticed an orc warlord
  4385 | Orc:1    | Noticed an orc sorcerer
  4391 | Orc:1    | Killed an orc sorcerer
  4414 | Orc:1    | Killed an orc warlord
  4415 | Orc:1    | Reached skill level 5 in Fighting
  4417 | Orc:1    | Slain by an orc warrior

Illustrated notes

Levels and vault maps discovered:
D:1:      dreamdust_arrival_beginning_and_end, layout_loops_ring,
          serial_co_window_serial, co_window_corner_a, co_window_paths_a,
          co_window_paths_a, co_window_of_opportunity_a, co_window_cross_1,
          co_window_cross_1, co_window_corner_a, co_window_cross_4,
          co_window_cross_3, co_window_unsneaky_path_d, co_window_2corner,
          co_window_unsneaky_path_b, co_window_corner_b, co_window_paths_e,
          glass_columns_c, glass_columns_c, glass_columns_b, glass_columns_b,
          amcnicky_mini_rare_corridor_liquid
D:2:      layout_basic, basic_altar
D:3:      layout_loops_cross, ebering_ecumenical_altar_mist,
          minmay_misc_feat_room, uniq_sigmund, uniq_pargi
D:4:      layout_basic, grunt_temple_overflow_magic_moments,
          gammafunk_ghost_split, minmay_shop_grid_forest
D:5:      layout_basic, trog_antimagical
D:6:      layout_loops_ring, gup_sewer_entry_pipe, grunt_ministairs_1,
          uniq_prince_ribbit1, uniq_crazy_yiuf_cottage
D:7:      layout_basic, minmay_temple_entry_hall, uniq_jeremiah
D:8:      layout_loops_corners
D:9:      cheibrodos_statue_roulette, layout_stronghold, lemuel_round_altar,
          minmay_orc_entry_temple_small, ebering_ghost_inner_flame
Orc:1:    layout_caves, kennysheep_orc_chapel

Skill      XL: |  1  2  3  4  5  6  7  8  9 10 |
---------------+-------------------------------+-----
Alchemy        | 4 5 6 7 8 |  8.0
Spellcasting   | 3 4 6 9 10 | 10.9
Fighting       | 1 3 5 |  5.7
Fire Magic     | 2 4 |  4.0
Invocations    | 3 |  3.0
Stealth        | 4 |  4.0
Dodging        | |  2.0
Conjurations   | |  1.0

Action                     |  1- 3 |  4- 6 |  7- 9 | 10-12 || total
---------------------------+-------+-------+-------+-------++-------
  Melee: Unarmed           |    17 |       |       |       ||    17
         Constrict         |    10 |    10 |    13 |     3 ||    36
         Tentacles         |     7 |     7 |    16 |     1 ||    31
         Dagger            |    12 |    25 |    20 |       ||    57
         Short sword       |       |       |    25 |       ||    25
         Staff             |       |       |     9 |     8 ||    17
         Punch             |       |       |     1 |       ||     1
  Throw: Dart              |       |       |       |     1 ||     1
   Cast: Sting             |    45 |    42 |    40 |     5 ||   132
         Olgreb's Toxic Ra |       |     5 |    38 |    13 ||    56
         Sticky Flame      |       |       |     5 |       ||     5
 Invoke: Channel Magic     |       |       |     1 |     1 ||     2
  Evoke: Wand              |       |       |     5 |     1 ||     6
    Use: Potion            |     1 |     1 |       |       ||     2
         Scroll            |       |     4 |     3 |     2 ||     9
   Stab: Sleeping          |       |       |     4 |       ||     4
 Armour: Skin              |    18 |    22 |    56 |     8 ||   104
  Dodge: Dodged            |    35 |    25 |    52 |    11 ||   123

Table legend: (Time is in decaauts)
 A = Elapsed time spent in this place.
 B = Non-inter-level travel time spent in this place.
 C = Inter-level travel time spent in this place.
 D = Time resting spent in this place.
 E = Time spent auto-exploring this place.
 F = Levels seen in this place.
 G = Mean time per level.
                   A        B        C        D        E       F      G
               +--------+--------+--------+--------+--------+-----+--------+
         Total |   4415 |   4211 |    204 |    127 |   2648 |  11 |  401.4 |
       Dungeon |   4130 |   3926 |    204 |    111 |   2533 |   9 |  458.9 |
  Orcish Mines |     32 |     32 |      0 |      0 |      0 |   1 |   32.0 |
         Sewer |    252 |    252 |      0 |     16 |    115 |   1 |  252.0 |
               +--------+--------+--------+--------+--------+-----+--------+

Top non-repeatable levels by time:
     D:4: 994 daAuts
     D:8: 673 daAuts
     D:6: 605 daAuts
     D:5: 511 daAuts
     D:3: 302 daAuts
     D:9: 285 daAuts
     D:2: 266 daAuts
     D:1: 255 daAuts
   Sewer: 252 daAuts
     D:7: 237 daAuts
   Orc:1: 32 daAuts
